 Dungeon Crawl Stone Soup version 0.24-a0-536-gdd4cf15 (webtiles) character file.

Game seed: 11701898075535356100

260 funkyfigure8 the Covered (level 5, -2/47 HPs)
             Began as a Minotaur Fighter on Aug 11, 2019.
             Slain by an ogre
             ... wielding a +0 giant club
              (9 damage)
             ... on level 4 of the Dungeon.
             The game lasted 00:09:54 (1824 turns).

funkyfigure8 the Covered (Minotaur Fighter)         Turns: 1824, Time: 00:09:54

Health: -2/47      AC:  7    Str: 21    XL:     5   Next: 95%
Magic:  4/4        EV:  8    Int:  5    God:
Gold:   88         SH:  9    Dex: 10    Spells: 4/4 levels left

rFire    . . .     SeeInvis .   a - +0 war axe
rCold    . . .     Gourm    .   c - +0 shield
rNeg     . . .     Faith    .   b - +0 scale mail
rPois    .         Spirit   .   (helmet restricted)
rElec    .         Reflect  .   (no cloak)
rCorr    .         Harm     .   (no gloves)
MR       .....                  (no boots)
Stlth    ..........             o - amulet of magic regeneration
HPRegen  0.15/turn              h - ring of attention (curse)
MPRegen  0.34/turn              (no ring)

@: no status effects
A: retaliatory headbutt, horns 2
a: no special abilities


You were on level 4 of the Dungeon.
You were not hungry.

You visited 1 branch of the dungeon, and saw 4 of its levels.

You collected 88 gold pieces.

Inventory:

Hand Weapons
 a - a +0 war axe (weapon)
Armour
 b - a +0 scale mail (worn)
 c - a +0 shield (worn)
 e - a +0 chain mail
Jewellery
 h - a cursed ring of attention (left hand)
 o - an amulet of magic regeneration (around neck)
Scrolls
 g - a scroll of enchant armour {unknown}
 i - 3 scrolls of teleportation {unknown}
 k - a scroll of fear {unknown}
 l - a scroll of identify {unknown}
 m - a scroll of magic mapping {unknown}
 n - a scroll of fog {unknown}
Potions
 d - 2 potions of might
 j - 2 potions of curing {unknown}
Comestibles
 f - a ration


   Skills:
 + Level 4.5 Fighting
 + Level 4.2 Axes
 + Level 5.5 Armour
 + Level 1.1 Dodging
 + Level 0.4 Stealth
 + Level 4.7 Shields


You had 4 spell levels left.
You didn't know any spells.
Your spell library was empty.

Dungeon Overview and Level Annotations

Branches:
Dungeon (4/15)
 Temple: D:4-7

Altars:
Ashenzari
Gozag
Qazlal
Trog
Zin


Innate Abilities, Weirdness & Mutations

You reflexively headbutt those who attack you in melee.
You have a pair of horns on your head.


Message History

Found a stone staircase leading down.
An ogre comes into view. It is wielding a +0 giant club.
The ogre shouts!
The ogre hits you with a +0 giant club! You block the ogre's attack.
You slash the ogre!
The ogre is moderately wounded.
You block the ogre's attack.
You barely miss the ogre.
The ogre is moderately wounded.
The ogre hits you with a +0 giant club!!
* * * LOW HITPOINT WARNING * * *
You hit the ogre.
The ogre is moderately wounded.
The ogre hits you with a +0 giant club!
* * * LOW HITPOINT WARNING * * *
You slash the ogre!
The ogre is heavily wounded.
The ogre hits you with a +0 giant club!
You die...

#..##..
..........#
##......
#.........#
##.....##
#........#
#......##
##.......#
##.......#
#........#
#...###.##
#.......#
#.).# #+#
#..O...##
#..##
#.@....###..#
##.....##.?.#
#..........#
##......##.#
#>....###.#
##...## ###
#...# #..##
#.##


You could see an ogre.

Vanquished Creatures
  An ogre (D:4)
  A scorpion (D:3)
  An orc wizard (D:3)
  A worker ant (D:3)
  3 adders
  A leopard gecko (D:3)
  2 orcs (D:3)
  4 bats
  3 giant cockroaches
  A goblin (D:2)
  A hobgoblin (D:2)
  8 kobolds
  5 frilled lizards
  4 rats
36 creatures vanquished.

Vanquished Creatures (others)
  An orc wizard (D:3)
1 creature vanquished.

Grand Total: 37 creatures vanquished

Notes
Turn   | Place    | Note
-------+----------+-------------------------------------------
     0 | D:1      | funkyfigure8 the Minotaur Fighter began the quest for the
                  | Orb.
     0 | D:1      | Reached XP level 1. HP: 19/19 MP: 0/0
   364 | D:2      | Reached XP level 2. HP: 27/27 MP: 1/1
   382 | D:2      | Reached skill level 4 in Armour
   619 | D:3      | Reached XP level 3. HP: 29/33 MP: 2/2
   650 | D:3      | Reached XP level 4. HP: 15/40 MP: 3/3
   778 | D:3      | Found a bloodstained altar of Trog.
   818 | D:3      | Found a shattered altar of Ashenzari.
  1408 | D:3      | Reached skill level 5 in Armour
  1654 | D:3      | Found a glowing silver altar of Zin.
  1655 | D:3      | Found an opulent altar of Gozag.
  1660 | D:3      | Reached XP level 5. HP: 39/46 MP: 4/4
  1670 | D:3      | Found a stormy altar of Qazlal.
  1794 | D:4      | Noticed an ogre
  1804 | D:4      | Killed an ogre
  1804 | D:4      | Reached skill level 1 in Dodging
  1815 | D:4      | Noticed an ogre
  1824 | D:4      | Slain by an ogre

Levels and vault maps discovered:
D:1:      minmay_arrival_nine_rooms, layout_loops_cross
D:2:      layout_basic, minmay_misc_feat_secret_circle, minmay_unequal
D:3:      layout_basic, lightli_temple_of_fire, evilmike_ruin_ashenzari,
          grunt_temple_overflow_open
D:4:      layout_cave_pods, cheibriados_altar_1, elyvilon_altar_4,
          minmay_temple_entry_antechambers, led_sif_pool

Skill      XL: |  1  2  3  4  5 |
---------------+----------------+-----
Armour         | 4 5 |  5.5
Fighting       | 4 |  4.5
Shields        | 4 |  4.7
Axes           | 3 4 |  4.2
Dodging        | 1 |  1.1
Stealth        | |  0.4

Action                   |  1- 3 |  4- 6 || total
-------------------------+-------+-------++-------
Melee: War axe           |    74 |    36 ||   110
       Headbutt          |     7 |     7 ||    14
  Use: Potion            |     1 |       ||     1
  Eat: Ration            |       |     1 ||     1
Armor: Scale mail        |    37 |    14 ||    51
Dodge: Dodged            |    26 |    16 ||    42
Block: Shield            |    33 |    35 ||    68

Table legend:
 A = Non-vault XP
 B = Vault XP
 C = Vault XP percentage of total XP
 D = Non-vault monster count
 E = Vault monster count
 F = Vault count percentage of total count
                 A         B        C        D         E       F
            +---------+---------+-------+---------+---------+-------
      Total |     372 |       0 |   0.0 |      37 |       0 |   0.0
            +---------+---------+-------+---------+---------+-------
        D:1 |      10 |       0 |   0.0 |       7 |       0 |   0.0
        D:2 |      27 |       0 |   0.0 |      10 |       0 |   0.0
        D:3 |     206 |       0 |   0.0 |      18 |       0 |   0.0
        D:4 |     129 |       0 |   0.0 |       2 |       0 |   0.0
            +---------+---------+-------+---------+---------+-------
